 Dungeon Crawl Stone Soup version 0.26-a0-639-g72c4674329 (webtiles) character file.

Game seed: 10609885010633599841

12856 MrRokkomies the Fighter (level 11, 0/99 HPs)
             Began as a Demigod Delver on Sept 15, 2020.
             Succumbed to a cane toad's poison
             ... on level 1 of the Lair of Beasts.
             The game lasted 00:26:15 (15220 turns).

MrRokkomies the Fighter (Demigod Delver)           Turns: 15220, Time: 00:26:16

Health: 0/99       AC: 11    Str: 19    XL:     11   Next: 41%
Magic:  14/14      EV: 16    Int: 22    God:
Gold:   473        SH:  0    Dex: 17    Spells: 10/10 levels left

rFire    + . .     SeeInvis .   a - +3 bardiche (vamp)
rCold    + + .     Faith    .   (shield currently unavailable)
rNeg     + + .     Spirit   .   T - +0 leather armour {rPois}
rPois    +         Reflect  .   Q - +1 helmet
rElec    .         Harm     .   s - scarf {rC+ rF+}
rCorr    .         Rampage  .   (no gloves)
MR       ++...                  w - +1 pair of boots
Stlth    +++.......             p - amulet of the acrobat
HPRegen  0.26/turn              E - +4 ring of protection
MPRegen  0.14/turn              e - ring "Binibb" {*Corrode rC+ rN++ MR+ Int+6}

@: lethally poisoned (0 -> -11)
A: high mp 1
a: no special abilities


You were on level 1 of the Lair of Beasts.
You visited 2 branches of the dungeon, and saw 13 of its levels.
You also visited: Sewer and Ossuary.

You collected 773 gold pieces.
You spent 300 gold pieces at shops.

Inventory:

Hand Weapons
 a - a +3 vampiric bardiche (weapon)
 b - a +1 glaive of flaming
 F - a +1 dagger of venom
 L - a +1 falchion
 W - a +0 fustibalus
Missiles
 h - 61 bolts
 x - 65 sling bullets
 G - 43 poisoned darts (quivered)
 I - 8 silver javelins
Armour
 s - a scarf of resistance (worn)
 w - a +1 pair of boots (worn)
 D - the +1 robe "Emerhiko" {*Slow +Inv rN+}
   (You found it on level 4 of the Dungeon)

   It protects you from negative energy.
   It lets you turn invisible.
   It may slow you when you take damage.
 Q - a +1 helmet (worn)
 T - a +0 leather armour of poison resistance (worn)
Jewellery
 e - the ring "Binibb" (right hand) {*Corrode rC+ rN++ MR+ Int+6}
   (You took it off a gnoll on level 10 of the Dungeon)

   [ring of intelligence]

   It affects your intelligence (+6).
   It protects you from cold.
   It greatly protects you from negative energy.
   It affects your resistance to hostile enchantments.
   It may corrode you when you take damage.
 p - an amulet of the acrobat (around neck)
 E - a +4 ring of protection (left hand)
 J - a +4 ring of evasion
 V - a +6 ring of intelligence
Wands
 g - a wand of digging (3)
 C - a wand of flame (29)
 R - a wand of acid (2)
 X - a wand of random effects (16)
Scrolls
 c - 2 scrolls of fog
 d - a scroll of magic mapping
 i - a scroll of immolation
 l - 6 scrolls of teleportation
 u - 2 scrolls of remove curse
 v - 2 scrolls of enchant armour
 y - 2 scrolls of summoning
 A - 4 scrolls of blinking
 P - a scroll of amnesia
 S - 4 scrolls of identify
Potions
 f - 4 potions of haste
 m - 2 potions of ambrosia
 n - 3 potions of stabbing
 q - a potion of invisibility
 r - 3 potions of flight
 t - 2 potions of resistance
 B - 2 potions of degeneration
 H - 6 potions of curing
 K - a potion of magic
 M - 2 potions of mutation
 N - a potion of berserk rage
 O - 3 potions of lignification


   Skills:
 * Level 9.9 Fighting
 * Level 8.8(9.2) Short Blades
 - Level 4.1(6.9) Long Blades
 * Level 8.3 Polearms
 + Level 6.9 Dodging
 - Level 4.5 Stealth
   Level 2.4 Shields


You had 10 spell levels left.
You didn't know any spells.
Your spell library contained the following spells:

 Spells                   Type           Power        Failure   Level
 Beastly Appendage        Tmut           #.....       21%         1
 Shock                    Conj/Air       #...         21%         1
 Swiftness                Air            #.......     30%         2
 Wereblood                Tmut           #.......     30%         2
 Spider Form              Tmut/Pois      #.........   52%         3
 Static Discharge         Conj/Air       #.......     52%         3
 Airstrike                Air            #.........   89%         4
 Ice Form                 Ice/Tmut       #.......     89%         4
 Blade Hands              Tmut           #.........   99%         5
 Lightning Bolt           Conj/Air       #.........   99%         5


Dungeon Overview and Level Annotations

Branches:
Dungeon (12/15)            Temple (0/1) D:6            Lair (1/6) D:10
    Orc (0/2) D:10          Sewer (visited)         Ossuary (visited)

Shops:
D:7 *

Portals:
Trove: D:11 (give horn of Geryon)

Annotations:
D:10 2 transporters


Innate Abilities, Weirdness & Mutations

You have an increased reservoir of magic. (+10% MP)


Message History

The cane toad stings you. x2
You are poisoned.
The cane toad poisons you!
You are too injured to fight recklessly!
You are too injured to fight recklessly!
You are too injured to fight recklessly!
You completely miss the cane toad.
The cane toad is severely wounded.
You feel very sick. The cane toad misses you. The cane toad stings you!!
* * * LOW HITPOINT WARNING * * *
You closely miss the cane toad.
The cane toad is severely wounded.
You feel sick. The cane toad stings you!
* * * LOW HITPOINT WARNING * * *
The cane toad stings you!
* * * LOW HITPOINT WARNING * * *
You slash the cane toad!
The cane toad is almost dead.
You die...

......................
.............P...P.#..
..... .......#......#
..+.. #............#
##.#####.....#.....# # .
......##.....#.....#.#..
......##.....#.........⌠
......##........†F......
......P#.....#..@..#.#.
.......+.....#####..#
#####.##......... ....
###.###........#.# #...
..)..........#..⌠ ..
.............#.... .
..............⌠.>.
##.#.##...........
#..#.##...#.###.


You could see a cane toad.

Vanquished Creatures
  2 hydras
  A two-headed ogre (D:8)
  2 death yaks (D:10)
  An unseen horror (D:10)
  A cyclops (D:11)
  A gargoyle (D:11)
  Grinder (D:5)
  A troll (D:11)
  A hornet (D:8)
  5 hippogriffs
  A shadow (D:11)
  2 wyverns (D:9)
  A basilisk (D:11)
  4 yaks (D:10)
  Edmund (D:5)
  Menkaure (D:6)
  A water moccasin (Lair:1)
  An eye of draining (D:11)
  3 orc warriors
  A black bear (D:11)
  An ice beast (D:10)
  2 necrophages
  5 phantoms
  3 ogres
  3 centaurs
  A crocodile (D:7)
  2 big kobolds
  6 bullfrogs
  4 water moccasin zombies (Ossuary)
  3 scorpions
  10 killer bees (D:11)
  4 wights (D:8)
  3 howler monkeys
  2 centaur zombies
  4 jellies
  A quasit (D:7)
  10 hounds
  7 orc priests
  7 orc wizards
  3 bullfrog skeletons
  A centaur skeleton (D:11)
  4 hell rats (D:10)
  4 iguanas
  7 worker ants
  A killer bee zombie (D:8)
  5 big kobold zombies (Ossuary)
  2 hound skeletons
  2 mummies (Ossuary)
  15 gnolls
  2 river rats
  12 adders
  2 white imps
  2 ufetubi
  7 oozes
  6 adder zombies (Ossuary)
  An adder skeleton (D:8)
  5 worms
  2 dart slugs (D:2)
  13 leopard geckos
  37 orcs
  2 ball pythons (Sewer)
  11 giant cockroaches
  2 gnoll zombies (Ossuary)
  10 goblins
  7 hobgoblins
  10 jackals
  16 kobolds
  5 quokkas
  13 bats
  8 frilled lizards
  7 hobgoblin zombies (Ossuary)
  5 kobold zombies (Ossuary)
  5 orc zombies (Ossuary)
  4 rats
348 creatures vanquished.

Vanquished Creatures (others)
  A killer bee (D:11)
  5 plants (D:6)
6 creatures vanquished.

Grand Total: 354 creatures vanquished

Notes
Turn   | Place    | Note
-------+----------+-------------------------------------------
     0 | D:5      | MrRokkomies the Demigod Delver began the quest for the Orb.
     0 | D:5      | Reached XP level 1. HP: 18/18 MP: 3/3
    72 | D:5      | Noticed a jelly
    72 | D:5      | Noticed an ogre
   156 | D:5      | Noticed a howler monkey
   156 | D:5      | Noticed an ogre
   177 | D:4      | Noticed a howler monkey
   263 | D:4      | Noticed a hound
   461 | D:3      | Reached XP level 2. HP: 25/25 MP: 4/4
   497 | D:3      | Reached skill level 3 in Fighting
   555 | D:3      | Found a glowing drain.
   571 | Sewer    | Entered a sewer
   710 | Sewer    | Reached XP level 3. HP: 31/31 MP: 5/5
  1689 | D:3      | Reached XP level 4. HP: 38/38 MP: 6/6
  1728 | D:3      | Found an opulent altar of Gozag.
  2612 | D:2      | Reached XP level 5. HP: 46/46 MP: 7/7
  2634 | D:2      | Reached skill level 1 in Shields
  2753 | D:2      | Reached skill level 4 in Fighting
  3750 | D:3      | Noticed a necrophage
  3766 | D:3      | Killed a necrophage
  4245 | D:3      | Reached XP level 6. HP: 50/50 MP: 8/8
  4426 | D:4      | Got a wizard robe
  4437 | D:4      | Identified the +1 robe "Emerhiko" {*Slow +Inv rN+} (You
                  | found it on level 4 of the Dungeon)
  5193 | D:4      | Reached skill level 1 in Short Blades
  5437 | D:5      | Noticed Grinder
  5477 | D:5      | Killed Grinder
  5477 | D:5      | Reached skill level 5 in Fighting
  5477 | D:5      | Reached XP level 7. HP: 28/59 MP: 9/9
  5795 | D:5      | Reached skill level 1 in Polearms
  5813 | D:5      | Noticed Edmund
  5821 | D:5      | Killed Edmund
  6206 | D:6      | Noticed Menkaure
  6211 | D:6      | Killed Menkaure
  6211 | D:6      | Reached XP level 8. HP: 49/70 MP: 10/10
  6239 | D:6      | Found a sand-covered staircase.
  6244 | Ossuary  | Entered an ossuary
  6359 | Ossuary  | Reached skill level 6 in Fighting
  7385 | D:6      | Found a staircase to the Ecumenical Temple.
  7631 | D:7      | Found Daifuxed's Assorted Antiques.
  7652 | D:7      | Noticed a hippogriff
  7666 | D:7      | Killed a hippogriff
  7675 | D:7      | Reached skill level 5 in Short Blades
  7675 | D:7      | Reached XP level 9. HP: 49/78 MP: 11/11
  7727 | D:7      | Reached skill level 7 in Fighting
  7933 | D:7      | Bought 3 scrolls labeled MIETATS SATTI for 72 gold pieces
  7933 | D:7      | Bought 2 scrolls labeled QITICI LYASEL for 48 gold pieces
  7933 | D:7      | Bought a glowing helmet for 180 gold pieces
  8719 | D:8      | Reached skill level 5 in Dodging
  8731 | D:8      | Reached skill level 5 in Polearms
  8844 | D:8      | Noticed a two-headed ogre
  8859 | D:8      | Killed a two-headed ogre
  9515 | D:8      | Reached skill level 8 in Fighting
  9743 | D:8      | Reached XP level 10. HP: 88/88 MP: 13/13
 10372 | D:9      | Found a burning altar of Makhleb.
 10668 | D:10     | Entered Level 10 of the Dungeon
 10668 | D:10     | Found a transporter.
 10668 | D:10     | Noticed a deep elf archer
 10668 | D:10     | Noticed a frost giant
 10689 | D:10     | Found a staircase to the Orcish Mines.
 10895 | D:10     | Noticed a death yak
 10895 | D:10     | Noticed a death yak
 10924 | D:10     | Noticed a death yak
 10939 | D:10     | Found a staircase to the Lair.
 11592 | D:10     | Identified the ring "Binibb" {*Corrode rC+ rN++ MR+ Int+6}
 11913 | D:11     | Found an ancient bone altar of Kikubaaqudgha.
 11982 | D:11     | Noticed a cyclops
 11992 | D:11     | Killed a cyclops
 12055 | D:11     | Noticed a six-headed hydra
 12146 | D:11     | Reached skill level 9 in Fighting
 12463 | D:11     | Killed a one-headed hydra
 13038 | D:11     | Found a portal to a secret trove of treasure.
 13441 | D:10     | Found a transporter.
 13654 | D:10     | Noticed a red ugly thing
 13664 | D:10     | Reached XP level 11. HP: 80/97 MP: 14/14
 13860 | D:10     | Killed a death yak
 13872 | D:10     | Killed a death yak
 14260 | D:10     | Killed an unseen horror
 14512 | Lair:1   | Entered Level 1 of the Lair of Beasts
 14519 | Lair:1   | Noticed an eight-headed hydra
 14832 | D:10     | Killed a one-headed hydra
 15219 | Lair:1   | HP: 2/99 [cane toad (9)]
 15220 | Lair:1   | Succumbed to a cane toad's poison

Illustrated notes

Levels and vault maps discovered:
D:1:      psy_arrival_spokes, layout_basic
D:2:      layout_loops_ring
D:3:      layout_basic, lemuel_crystal_altar, gup_sewer_entry_pipe
D:4:      layout_loops_corners
D:5:      layout_rooms, feat_on_display, uniq_edmund, uniq_grinder
D:6:      layout_basic, temple_green, enter_ossuary_2, lexackson_kobold_supper,
          uniq_menkaure
D:7:      layout_loops_ring, serial_shops, shop_coins
D:8:      layout_loops_ring
D:9:      layout_loops_ring, makhleb_heckhound_becter
D:10:     gammafunk_sealed_arena, layout_loops_ring, dpeg_lair_monsters,
          david_orc_2, nrook_campfire
D:11:     layout_loops_ring, enter_trove_3, lemuel_tele_altar
D:12:     layout_irregular_city
Lair:1:   lemuel_ratsnest, layout_regular_city, grunt_megastairs_1,
          lemuel_fruit_tree

Skill      XL: |  1  2  3  4  5  6  7  8  9 10 11 |
---------------+----------------------------------+-----
Long Blades    | 2 3 4 |  4.1
Dodging        | 2 3 4 5 6 |  6.9
Fighting       | 3 4 5 6 8 9 |  9.9
Shields        | 1 2 |  2.4
Short Blades   | 2 3 5 6 8 |  8.8
Polearms       | 2 4 6 7 8 |  8.3
Stealth        | |  4.5

Action                   |  1- 3 |  4- 6 |  7- 9 | 10-12 || total
-------------------------+-------+-------+-------+-------++-------
Melee: Falchion          |   114 |   230 |       |       ||   344
       Dagger            |       |    45 |     5 |       ||    50
       Bardiche          |       |       |   420 |   337 ||   757
       Glaive            |       |       |       |   163 ||   163
Throw: Javelin           |       |     2 |       |       ||     2
       Dart              |       |       |     9 |     4 ||    13
       Throwing net      |       |       |       |     1 ||     1
Evoke: Wand              |       |       |     2 |     5 ||     7
  Use: Scroll            |     5 |     2 |    13 |     7 ||    27
       Potion            |     3 |       |     1 |     3 ||     7
 Stab: Sleeping          |     7 |     6 |    18 |     9 ||    40
       Distracted        |       |     1 |     1 |     1 ||     3
       Held in net/web   |       |       |       |     1 ||     1
       Invisible         |       |       |       |     8 ||     8
Armor: Ring mail         |    34 |       |       |       ||    34
       Scale mail        |       |    75 |       |       ||    75
       Robe              |       |    12 |   156 |       ||   168
       Leather armour    |       |       |       |   166 ||   166
Dodge: Dodged            |    68 |   111 |   641 |   810 ||  1630
Block: Buckler           |       |    50 |     1 |       ||    51
       Rpst.: Falchion   |    29 |    34 |       |       ||    63

Table legend: (Time is in decaauts)
 A = Elapsed time spent in this place.
 B = Non-inter-level travel time spent in this place.
 C = Inter-level travel time spent in this place.
 D = Time resting spent in this place.
 E = Time spent auto-exploring this place.
 F = Levels seen in this place.
 G = Mean time per level.
                   A        B        C        D        E       F      G
               +--------+--------+--------+--------+--------+-----+--------+
         Total |  16027 |  15546 |    481 |   2187 |   9488 |  15 | 1068.5 |
       Dungeon |  14180 |  13700 |    480 |   1630 |   8765 |  12 | 1181.7 |
          Lair |     90 |     90 |      0 |      0 |     47 |   1 |   90.0 |
         Sewer |   1120 |   1120 |      0 |    557 |    278 |   1 | 1120.0 |
       Ossuary |    636 |    636 |      0 |      0 |    398 |   1 |  636.0 |
               +--------+--------+--------+--------+--------+-----+--------+

Top non-repeatable levels by time:
    D:10: 2543 daAuts
    D:11: 1844 daAuts
     D:4: 1413 daAuts
     D:2: 1256 daAuts
     D:7: 1230 daAuts
     D:8: 1135 daAuts
     D:9: 1133 daAuts
   Sewer: 1120 daAuts
     D:3: 1089 daAuts
     D:6: 977 daAuts
     D:5: 758 daAuts
     D:1: 689 daAuts
 Ossuary: 636 daAuts
    D:12: 108 daAuts
  Lair:1: 90 daAuts
